Unix NetHack Version 5.0.0-0 post-release - last build May  4 2026 22:22:43 (774f63e81ad911689b3a0859ea89b322d5daca8d,branch:main).

Game began 2026-05-09 11:30:27, ended 2026-05-10 11:32:59.

GdeVolpiano, neutral female human Tourist

                            -------     -------
                            |.....|--   |..|.>|
                            |.....+.|   |.....|
                          --|.....|-|   |.--.---
                          |.+.....+.|  --.|..0.----
                          |.|.....|-| --..|.......|
                          |.|.....+.| |...|---....|
                          |.|.....|-- |...|..|....|
                          |.|------   |...|.......|
                          |.|        --0.....|....--
                          |.|        |.00.|..|.....|
                          |.|        |m0f.|--|.....|
                          |.|        |.@.--  --.|..|
                          |.|        -----    |.----
                          |.-------------------..|
                          |.^^^...............^..|
                          ------------------------

GdeVolpiano the Peregrinatrix  St:16 Dx:17 Co:18 In:12 Wi:10 Ch:14  Neutral
Dlvl:6  $:280 HP:0(96) Pw:32(39) AC:10 Xp:10 T:17158 

Latest messages:
 You hear a wolf howling at the moon.
 You hear a sound reminiscent of an elephant stepping on a peanut.
 With great effort you move the boulder.
 The boulder suddenly rolls away from you!
 You hear a boulder fall.
 Where do you want to travel to?
 (For instructions type a '?')
 You swap places with Heliodore.
 With great effort you move the boulder.
 You hear a wolf howling at the moon.
 The boulder suddenly rolls away from you!
 You hear a boulder fall.
 Where do you want to travel to?
 (For instructions type a '?')
 Can't find dungeon feature '~'.
 Can't find dungeon feature '_'.
 You hear a sound reminiscent of a seal barking.
 You hear a wolf howling at the moon.
 With great effort you move the boulder.
 You see here a fig.
 K - a fig.
 You smell a dragon!
 That boulder is a giant mimic!
 The giant mimic hits!
 The giant mimic hits again!
 You hit the giant mimic!
 You hit the giant mimic!
 The giant mimic hits!
 The giant mimic hits again!
 You hit the giant mimic!
 You hit the giant mimic.
 You hit the giant mimic.
 You hit the giant mimic!
 The giant mimic hits!
 The giant mimic hits again!
 You hit the giant mimic.
 You hit the giant mimic.
 You hit the giant mimic!
 You hit the giant mimic.
 The giant mimic hits!
 The giant mimic hits again!
 You fail to cast the spell correctly.
 The giant mimic hits!
 The giant mimic hits again!
 You die...
 Do you want your possessions identified? [ynq] (y)
 Do you want to see your attributes? [ynq] (y)
 Do you want an account of creatures vanquished? [ynaq] (y)
 Do you want to see your conduct and achievements? [ynq] (y)
 Do you want to see the dungeon overview? [ynq] (y)

Inventory:
 Coins    ('$')
  $ - 280 gold pieces
 Weapons  (')')
  U - 5 +0 darts (at the ready)
  W - a +0 dwarvish short sword (wielded in left hand)
  M - a corroded +1 dwarvish short sword (wielded in right hand)
 Armor    ('[')
  e - an uncursed +0 dwarvish iron helm
  f - an uncursed +0 pair of iron shoes
  q - a blessed rotted +1 cloak of displacement
  T - an uncursed +0 mummy wrapping
  t - a blessed greased rotproof +2 silver dragon scale mail
 Comestibles  ('%')
  K - an uncursed fig
  u - an uncursed cram ration
  b - an uncursed eucalyptus leaf
  D - 5 uncursed food rations
  x - 2 uncursed lizard corpses
 Scrolls  ('?')
  Y - a blessed scroll of blank paper
  d - 3 uncursed scrolls of blank paper
  G - an uncursed scroll of create monster
  V - a blessed scroll of earth
  X - a cursed scroll of earth
  H - a cursed scroll of identify
  C - a cursed scroll of teleportation
 Spellbooks  ('+')
  L - an uncursed spellbook of blank paper
  J - an uncursed spellbook of haste self
 Potions  ('!')
  Q - 2 uncursed potions of healing
  F - a cursed potion of object detection
  g - an uncursed potion of polymorph
 Rings    ('=')
  E - an uncursed ring of cold resistance
  i - an uncursed ring of fire resistance
  N - an uncursed ring of polymorph control
 Wands    ('/')
  j - a wand of cold (0:6)
  a - a wand of cold (0:3)
  A - a wand of create monster (0:14)
  m - a wand of digging (0:5)
  O - a wand of slow monster (0:4)
  n - a wand of slow monster (0:2)
  I - a wand of teleportation (0:4)
  y - a wand of undead turning (0:6)
 Tools    ('(')
  R - an uncursed blindfold
  l - an expensive camera (0:43)
  w - an uncursed magic whistle
  c - an uncursed mirror
  r - a blessed oil lamp
  Z - a +0 pick-axe
  k - an uncursed skeleton key
  h - a +0 unicorn horn
 Gems/Stones  ('*')
  B - an uncursed luckstone

GdeVolpiano the Tourist's attributes:

Background:
 You were a Peregrinatrix, a level 10 female human Tourist.
 You were neutral, on a mission for The Lady
 who was opposed by Blind Io (lawful) and Offler (chaotic).
 You were right-handed.
 You were in Sokoban, on level 6.
 You entered the dungeon 17158 turns ago.
 You had 5508 experience points, 4492 more were needed to attain level 11.

Basics:
 You had 0 out of 96 hit points.
 You had 32 out of 39 energy points (spell power).
 Your armor class was 10.
 Your wallet contained 280 zorkmids.
 Autopickup was on for '$?!/="+' plus thrown, with exceptions.

Final Characteristics:
 Your strength was 16 (limit:18/100).
 Your dexterity was 17 (limit:18).
 Your constitution was 18 (limit:18).
 Your intelligence was 12 (limit:18).
 Your wisdom was 10 (limit:18).
 Your charisma was 14 (limit:18).

Final Status:
 You were held by a giant mimic (northwest).
 You weren't hungry.
 You were unencumbered.
 You were wielding two weapons at once.
 You were skilled in short sword and two weapons.
 You weren't wearing any armor.

Final Attributes:
 You were piously aligned.
 You were fire resistant.
 You were poison resistant.
 You were telepathic.
 You had automatic searching.
 You were very lucky.
 You had extra luck.
 Bad luck did not time out for you.
 Good luck did not time out for you.
 You are dead.

Miscellaneous:
 You didn't encounter any bones levels.
 Total elapsed playing time was 2 hours, 23 minutes and 37 seconds.

Major events:
 Turn
    1: GdeVolpiano the neutral female human Tourist entered the dungeon
  771: entered the Gnomish Mines
 1006: attained the rank of Sightseer (level 3)
 2315: attained the rank of Excursionist (level 6)
 2850: reached Mine Town
 7083: made her first wish - "blessed erodeproof greased +2 silver dragon scale mail", got "a greased silver dragon scale mail"
15415: entered Sokoban
15802: completed 1st Sokoban level
16141: completed 2nd Sokoban level
16388: attained the rank of Peregrinatrix (level 10)
16542: completed 3rd Sokoban level
17158: killed by a giant mimic

Spells:
 Name                 Level Category     Fail Retention
 cure sickness          3   healing      100%    1%-25%

Skills:
 Fighting Skills
   bare handed combat [Unskilled]
   two weapon combat  [Skilled]
   riding             [Unskilled]
 Weapon Skills
   dagger             [Unskilled]
   knife              [Unskilled]
   axe                [Unskilled]
   pick-axe           [Unskilled]
   short sword        [Skilled]
   broadsword         [Unskilled]
   long sword         [Unskilled]
   two-handed sword   [Unskilled]
   saber              [Unskilled]
   mace               [Unskilled]
   morning star       [Unskilled]
   flail              [Unskilled]
   hammer             [Unskilled]
   quarterstaff       [Unskilled]
   polearms           [Unskilled]
   spear              [Unskilled]
   trident            [Unskilled]
   lance              [Unskilled]
   bow                [Unskilled]
   sling              [Unskilled]
   crossbow           [Unskilled]
   dart               [Skilled]
   shuriken           [Unskilled]
   boomerang          [Unskilled]
   whip               [Unskilled]
   unicorn horn       [Unskilled]
 Spellcasting Skills
   divination spells  [Unskilled]
   enchantment spells [Unskilled]
   escape spells      [Unskilled]

Voluntary challenges:
 Character rerolling was not enabled.
 You never genocided any monsters.
 You never polymorphed an object.
 You never changed form.
 You used 1 wish.
 You did not wish for any artifacts.
 You violated the special Sokoban rules once.
Achievements:
 You entered the Gnomish Mines.
 You attained the rank of Sightseer.
 You attained the rank of Excursionist.
 You entered Minetown.
 You entered a temple.
 You entered a shop.
 You entered Sokoban.
 You attained the rank of Peregrinatrix.

 The Dungeons of Doom: levels 1 to 11
    Level 1: "stash"
       An altar to The Lady, a fountain.
    Level 2:
       A fountain.
       Stairs down to The Gnomish Mines.
    Level 3:
       A general store.
    Level 4:
       An altar to The Lady, some sinks.
    Level 5:
    Level 6:
       A general store, a fountain.
    Level 7:
    Level 8:
       A fountain.
    Level 9:
       Many fountains.
       Oracle of Delphi.
    Level 10:
       A general store, a grave.
       Stairs up to Sokoban, level 9.
    Level 11:
 The Gnomish Mines: levels 3 to 6
    Level 3:
    Level 4:
    Level 5:
    Level 6:
       Many shops, a temple and an altar, some fountains.
 Sokoban: levels 9 up to 6
    Level 6: <- You were here.
       Unsolved.
       Final resting place for
          you, killed by a giant mimic.
    Level 7:
       Solved.
    Level 8:
       Solved.
    Level 9:
       Solved.


Vanquished creatures:
  a giant mimic
  2 large mimics
  6 small mimics
 an ettin mummy
  2 pyrolisks
  2 freezing spheres
  a gargoyle
  a dwarf ruler
  a human mummy
 an ettin zombie
  2 leather golems
  3 giant beetles
  3 cockatrices
  4 wolves
  a leprechaun
 an orc-captain
 an iron piercer
  a mumak
  a giant spider
  a horse
  a black light
  2 gnome rulers
  4 ogres
  2 brown puddings
  2 rust monsters
 an owlbear
  a gold golem
  a werewolf
  3 lizards
  a dingo
  2 dogs
  2 housecats
  2 jaguars
  5 blue jellies
  a white unicorn
  3 dust vortices
  a raven
  a plains centaur
  a gnome mummy
  a snake
  5 apes
  7 human zombies
  a rope golem
  5 bugbears
  2 imps
  a wood nymph
  3 water nymphs
  3 mountain nymphs
  8 Mordor orcs
  7 Uruk-hai
 an orc shaman
  4 rock piercers
  2 rock moles
  3 fog clouds
  8 yellow lights
  9 gnome leaders
  7 gnomish wizards
  a kobold mummy
  a golden naga hatchling
  4 gray oozes
  3 elf zombies
  2 paper golems
 11 giant ants
  4 floating eyes
  9 dwarves
  2 homunculi
  a kobold leader
  3 kobold shamans
 19 hill orcs
 25 rothes
  2 rabid rats
  a centipede
  a monkey
  a dwarf zombie
  7 iguanas
  a killer bee
  2 acid blobs
  2 hobbits
  5 manes
  4 large kobolds
  4 hobgoblins
  a giant rat
  7 cave spiders
  a yellow mold
  2 green molds
  a red mold
 35 gnomes
  5 garter snakes
  a gnome zombie
  8 geckos
 17 jackals
  a fox
  3 kobolds
  4 goblins
  a sewer rat
  7 grid bugs
  3 bats
  8 lichens
  3 kobold zombies
  5 newts
377 creatures vanquished.

No species were genocided or became extinct.

Game over:
                       ----------
                      /          \
                     /    REST    \
                    /      IN      \
                   /     PEACE      \
                  /                  \
                  |   GdeVolpiano    |
                  |      280 Au      |
                  |   killed by a    |
                  |   giant mimic    |
                  |                  |
                  |                  |
                  |       2026       |
                 *|     *  *  *      | *
        _________)/\\_//(\/(/\)/\//\/|_)_______

Aloha GdeVolpiano the Tourist...

You died in Sokoban on dungeon level 6 with 22747 points,
and 280 pieces of gold, after 17158 moves.
You were level 10 with a maximum of 96 hit points when you died.

